Map: Blueshift LE

Players

Clem - Winner!

  • Race: Terran Terran
  • Spawn Location: 7:00

HuT

  • Race: Terran Terran
  • Spawn Location: 1:00

Event: WCS Montreal 2018

VOD

Have the link to the VOD?

Description

Time

  • Played on: Sept. 7, 2018, 7:49 p.m.
  • Length: 13:45

All games in this series

Show
View Real Time Build Order
Export as new Build Order

Clem Terran - Winner!

Build Orders: Cyclone Opening, Bio Tank 

Get SALT Encoding   

  12  0:00  SCV  
  13  0:13  SCV  
  14  0:17  Supply Depot  
  14  0:25  SCV  
  15  0:29  Refinery  
  15  0:38  SCV  
  16  0:44  Barracks  
  16  0:50  SCV  
  16  0:55  Refinery  
  17  1:02  SCV  
  18  1:14  SCV  
  19  1:32  Factory, Orbital Command  
  19  1:34  Reaper  
  20  1:42  Supply Depot  
  20  1:57  SCV  
  21  2:06  Reaper  
  22  2:09  SCV  
  23  2:17  Cyclone  
  23  2:22  SCV  
  27  2:29  Command Center  
  27  2:34  Supply Depot  
  27  2:37  SCV  
  27  2:40  Barracks Reactor  
  28  2:50  Cyclone  
  31  2:56  SCV  
  32  3:08  SCV  
  33  3:20  SCV  
  34  3:28  Cyclone  
  34  3:32  SCV  
  38  3:41  Cyclone, Orbital Command  
  41  3:44  SCV  
  41  3:49  Barracks Tech Lab  
  41  3:52  Starport  
  41  3:56  SCV  
  42  4:07  SCV  
  42  4:08  SCV  
  41  4:18  Supply Depot  
  41  4:19  SCV  
  41  4:20  SCV  
  41  4:23  Marine x2  
  45  4:25  Siege Tank  
  48  4:31  SCV  
  48  4:33  SCV  
  48  4:34  Starport Reactor  
  48  4:36  Viking  
  52  4:41  Marine x2  
  52  4:43  Supply Depot  
  52  4:44  SCV  
  52  4:45  SCV  
  55  4:52  Command Center  
  55  4:55  Refinery  
  55  4:56  SCV, Refinery  
  55  4:57  SCV  
  55  4:58  Engineering Bay  
  55  4:59  Marine x2  
  59  5:00  Siege Tank  
  59  5:05  Engineering Bay  
  62  5:10  Viking  
  62  5:13  SCV x2  
  66  5:17  Supply Depot  
  66  5:21  Marine x2  
  68  5:25  Terran Infantry Weapons Level 1  
  68  5:30  Barracks  
  68  5:34  Terran Infantry Armor Level 1  
  68  5:35  SCV  
  69  5:40  SCV, Marine  
  71  5:47  Starport Tech Lab  
  71  5:48  Barracks  
  71  5:49  Marine  
  72  5:56  Supply Depot  
  72  5:58  SCV x2  
  72  6:00  Marine  
  75  6:07  Marine, Supply Depot  
  76  6:14  Siege Tank, Orbital Command  
  76  6:17  Marine  
  79  6:19  Supply Depot  
  79  6:21  Starport Reactor  
  79  6:23  SCV x2  
  79  6:25  Marine  
  80  6:29  Marine  
  81  6:35  Stimpack, Marine  
  82  6:40  SCV x2  
  82  6:41  Orbital Command  
  82  6:42  Marine  
  82  6:44  Supply Depot  
  82  6:46  Marine  
  86  6:47  Marine  
  86  6:48  Armory  
  86  6:49  Siege Tank  
  86  6:52  SCV  
  88  6:56  Marine  
  88  6:58  SCV  
  88  7:00  Marine  
  88  7:01  Medivac x2  
  91  7:04  SCV  
  91  7:05  Barracks Reactor  
  92  7:09  Barracks  
  92  7:10  Barracks  
  92  7:11  SCV x2, Supply Depot  
  92  7:15  Marine x2  
  96  7:16  SCV  
  96  7:21  Marine  
  95  7:23  SCV x2, Siege Tank  
  95  7:28  SCV  
  101  7:30  Supply Depot  
  101  7:32  Missile Turret, Marine  
  101  7:35  SCV  
  103  7:37  Missile Turret  
  103  7:39  SCV  
  103  7:42  Marine x2  
  103  7:43  Marine  
  103  7:44  Medivac x2  
  111  7:50  Terran Infantry Weapons Level 2  
  111  7:52  Supply Depot  
  111  7:53  Terran Infantry Armor Level 2  
  111  7:59  SCV x2  
  111  8:00  Supply Depot  
  111  8:02  SCV  
  114  8:05  Refinery  
  114  8:06  Refinery  
  114  8:07  Marine  
  114  8:10  Barracks Reactor  
  115  8:14  Supply Depot  
  115  8:15  Siege Tank  
  115  8:16  Barracks Reactor  
  115  8:19  SCV x3, Marine x3  
  123  8:23  Marine  
  123  8:26  Marine  
  126  8:32  Factory  
  126  8:33  Sensor Tower, SCV  
  127  8:37  Marine x3  
  130  8:41  Marine  
  130  8:44  Combat Shields, Marine  
  130  8:46  Command Center  
  130  8:47  Medivac, SCV  
  135  8:48  SCV  
  135  8:53  Marine x4  
  135  8:55  Marine  
  140  9:01  Medivac  
  142  9:06  Marine  
  143  9:15  Siege Tank  
  143  9:16  Marine x2  
  143  9:17  Medivac, Marine  
  123  9:25  Marine x2  
  123  9:27  Marine  
  123  9:31  Medivac  
  123  9:35  Marine x3  
  125  9:39  Marine x3  
  125  9:40  Factory Tech Lab  
  125  9:42  Terran Vehicle Weapons Level 1  
  125  9:43  Marine x2  
  125  9:45  Marine  
  130  9:47  Supply Depot  
  130  9:48  Siege Tank, Supply Depot  
  134  9:53  Marine x3  
  134  9:55  Liberator  
  134  9:56  Marine  
  134  9:57  Medivac, Marine x2  
  139  10:01  Marine x2  
  139  10:03  Marine  
  145  10:07  Siege Tank  
  145  10:10  Marine  
  145  10:11  Marine x2  
  151  10:14  Marine x3  
  151  10:18  Marine  
  151  10:19  Marine  
  151  10:21  Marine  
  149  10:27  Planetary Fortress  
  148  10:28  Marine x3  
  148  10:32  Marine x3  
  152  10:36  Marine x2  
  152  10:39  Marine  
  152  10:42  SCV  
  148  10:46  SCV x2, Marine x3  
  150  10:50  Sensor Tower, Marine x3  
  150  10:51  Siege Tank  
  150  10:54  Marine x2  
  150  10:56  Marine  
  155  11:04  Marine x3  
  155  11:05  Siege Tank  
  155  11:07  Medivac  
  155  11:08  Marine x3  
  155  11:09  Medivac  
  168  11:12  Marine x2  
  168  11:14  Marine  
  171  11:22  Marine x3  
  171  11:23  Siege Tank  
  177  11:25  Marine  
  177  11:26  Marine x2  
  177  11:27  Barracks x2  
  177  11:29  Starport  
  177  11:30  Marine x2  
  177  11:32  Marine  
  182  11:37  Siege Tank  
  182  11:39  Marine  
  186  11:40  Marine x2  
  186  11:43  Marine x2  
  186  11:44  Supply Depot  
  186  11:46  Marine  
  192  11:50  Marine x2  
  192  11:51  Marine  
  192  11:53  Medivac  
  194  12:01  Siege Tank  
  194  12:02  Marine  
  194  12:05  Marine  
  194  12:06  Marauder  
  198  12:15  Marine x2  
  198  12:16  Barracks Reactor x2  
  198  12:23  Command Center  
  198  12:29  Marine x2  
  191  12:36  Siege Tank  
  190  12:41  Siege Tank  
  171  12:45  Marine x7  
  171  12:47  Marine x2  
  174  12:56  Marine  
  174  12:57  Marine x2  
  174  12:58  Marine  
  173  13:03  Marine x7  
  173  13:05  Marine x2  
  183  13:08  Siege Tank  
  183  13:14  Marine x2, Refinery  
  183  13:15  Marine  
  183  13:16  Marine  
  183  13:23  Marine  
  183  13:24  Marine x6  
  166  13:44  Command Center  
Show
View Real Time Build Order
Export as new Build Order

HuT Terran 

Build Orders: Cyclone Opening, Bio Tank 

Get SALT Encoding   

  12  0:00  SCV  
  13  0:12  SCV  
  14  0:17  Supply Depot  
  14  0:25  SCV  
  15  0:29  Refinery  
  15  0:38  SCV  
  16  0:44  Barracks  
  16  0:50  SCV  
  16  0:54  Refinery  
  17  1:03  SCV  
  18  1:15  SCV  
  19  1:31  Orbital Command  
  19  1:32  Factory  
  19  1:34  Reaper  
  20  1:48  Supply Depot  
  20  1:57  SCV  
  21  2:06  Reaper  
  22  2:10  SCV  
  23  2:17  Cyclone  
  26  2:29  Command Center  
  26  2:34  SCV  
  27  2:42  Starport  
  27  2:50  Barracks Reactor  
  27  2:52  SCV, Supply Depot  
  28  3:04  SCV  
  29  3:13  Cyclone  
  29  3:16  SCV  
  33  3:22  Viking  
  33  3:26  Marine x2  
  37  3:30  SCV  
  38  3:40  Orbital Command  
  38  3:43  SCV  
  39  3:55  SCV, Starport Tech Lab  
  40  3:56  Marine x2  
  40  4:07  SCV x2  
  40  4:08  Factory Tech Lab  
  41  4:10  Supply Depot  
  41  4:14  Marine x2  
  41  4:15  Raven  
  45  4:19  SCV  
  46  4:30  SCV  
  46  4:31  SCV, Marine  
  48  4:32  Marine  
  49  4:41  Command Center  
  49  4:42  SCV, Supply Depot  
  49  4:43  SCV  
  51  4:47  Siege Tank  
  55  4:54  SCV  
  55  4:55  SCV  
  56  5:05  Marine  
  56  5:06  Stimpack  
  57  5:07  Starport Reactor  
  57  5:09  Barracks  
  57  5:10  Barracks  
  57  5:14  SCV x2  
  57  5:17  Refinery x2  
  59  5:24  Siege Tank, Marine  
  59  5:27  SCV x2  
  65  5:31  Supply Depot  
  65  5:32  Supply Depot  
  65  5:39  SCV  
  66  5:47  Marine  
  66  5:48  SCV  
  68  5:51  SCV  
  68  5:56  Engineering Bay x2, Orbital Command  
  69  6:01  Starport Reactor  
  68  6:04  Marine  
  68  6:05  SCV, Marine x2  
  72  6:14  Marine  
  72  6:15  Marine  
  74  6:22  Marine x2, Siege Tank  
  74  6:23  Marine  
  80  6:26  Terran Infantry Weapons Level 1  
  80  6:27  Orbital Command  
  80  6:28  Terran Infantry Armor Level 1  
  80  6:29  SCV  
  80  6:30  SCV  
  80  6:32  Marine  
  82  6:33  Marine  
  82  6:39  Medivac x2  
  88  6:42  Supply Depot  
  88  6:45  SCV x2  
  90  6:52  Marine x2  
  90  6:53  Marine x2  
  90  6:54  Siege Tank  
  94  6:57  SCV  
  94  7:01  SCV x2  
  97  7:08  Combat Shields  
  97  7:09  SCV  
  97  7:10  Barracks  
  97  7:11  Barracks  
  97  7:13  SCV  
  97  7:14  SCV  
  100  7:21  SCV  
  97  7:23  Marine x5  
  97  7:25  SCV  
  97  7:29  Supply Depot  
  103  7:30  Supply Depot  
  103  7:33  SCV  
  103  7:34  SCV  
  105  7:37  SCV  
  105  7:39  Medivac  
  105  7:40  Marine, Supply Depot  
  105  7:43  Armory  
  109  7:45  Factory  
  109  7:47  Refinery  
  109  7:48  Sensor Tower  
  109  7:50  Medivac  
  111  7:53  Supply Depot  
  111  7:55  Supply Depot  
  111  8:05  SCV x2  
  113  8:09  Marine x5  
  113  8:11  Barracks Reactor x2  
  118  8:14  Siege Tank  
  118  8:15  Medivac, Supply Depot  
  123  8:27  Marine x3  
  123  8:29  Supply Depot  
  123  8:32  Factory Tech Lab  
  123  8:33  Terran Infantry Weapons Level 2  
  126  8:34  Terran Infantry Armor Level 2  
  126  8:37  Command Center  
  126  8:45  Refinery  
  126  8:46  Marine  
  126  8:47  Missile Turret  
  127  8:48  Missile Turret  
  127  8:53  SCV  
  127  8:54  SCV  
  129  8:58  Marine x7  
  129  8:59  Marine  
  136  9:04  Marine  
  136  9:07  Supply Depot  
  136  9:08  Supply Depot  
  125  9:17  Marine x6  
  125  9:18  Marine x2  
  125  9:22  Marine  
  106  9:35  Marine x8  
  108  9:40  Marine  
  109  9:49  Planetary Fortress  
  109  9:52  Missile Turret  
  109  9:53  Marine x7  
  109  9:54  Siege Tank x2  
  122  10:02  Marine x2  
  124  10:11  Marine x5  
  127  10:15  Marine x2  
  127  10:19  Marine  
  127  10:20  Marine  
  123  10:24  Medivac x2  
  123  10:26  Siege Tank x2  
  124  10:28  Marine  
  124  10:29  Marine x4  
  124  10:32  Marine  
  124  10:33  Marine  
  123  10:37  Marine x2  
  108  10:46  Marine x4  
  108  10:47  Marine  
  106  10:50  Marine  
  106  10:51  Marine  
  106  10:53  Terran Infantry Weapons Level 3  
  106  10:54  Medivac x2  
  106  10:55  Marine x2  
  114  10:58  Siege Tank x2  
  117  11:04  Marine x4  
  117  11:05  Marine  
  117  11:08  Marine x2  
  121  11:13  Marine x2  
  121  11:14  Refinery  
  121  11:16  Refinery  
  123  11:22  Marine x5  
  123  11:24  Medivac  
  123  11:25  Terran Vehicle Weapons Level 1  
  130  11:26  Marine x2  
  130  11:30  Siege Tank  
  130  11:31  Marine x2, Siege Tank  
  139  11:40  Marine x5  
  143  11:50  Marine  
  143  11:51  Marine x3  
  146  11:57  Marine  
  146  11:58  Marine  
  146  12:00  Marine x2  
  150  12:03  Siege Tank x2  
  148  12:12  Marine  
  148  12:13  Marine x3  
  149  12:17  Supply Depot x2  
  149  12:20  Supply Depot  
  149  12:21  Supply Depot  
  149  12:38  Marine  
  149  12:39  Siege Tank, Marine x4  
  149  12:40  Marine  
  149  12:41  Siege Tank, Marine x2  
  149  12:42  Marine  
  158  12:56  Marine x3  
  154  12:59  Marine  
  141  13:11  Siege Tank  
  143  13:14  Marine  
  143  13:17  Marine  
  106  13:39  Factory  
  106  13:40  Factory  
  100  13:41  Factory  
Tags
 
Add a new tag
Caveats
  • Supply blocks, unpowered buildings, or Contaminate may cause inaccurate times.
  • Supply counts are checked every 10 seconds.